 Dungeon Crawl Stone Soup version 0.29.1-15-g9cfb28693d (webtiles) character file.

Game seed: 13838522465267295566

4344 ThatPearl the Covert (level 10, -6/53 HPs)
             Began as a Vine Stalker Enchanter on Mar 19, 2023.
             Was a Believer of Uskayaw.
             Mangled by Gastronok (20 damage)
             ... on level 8 of the Dungeon.
             The game lasted 00:30:12 (7590 turns).

ThatPearl the Covert (Vine Stalker Enchanter)       Turns: 7590, Time: 00:30:13

Health: -6/53      AC: 10    Str: 11    XL:     10   Next: 34%
Magic:  0/27       EV: 10    Int: 19    God:    Uskayaw [**....]
Gold:   273        SH:  0    Dex: 21    Spells: 11/19 levels left

rFire   . . .      SeeInvis .   b - +8 flail of the Howling One {protect, Will+ rCorr}
rCold   . . .      Faith    .   (no shield)
rNeg    . . .      Spirit   +   O - +2 ring mail {Will+}
rPois   .          Reflect  .   (no helmet)
rElec   .          Harm     .   S - +1 cloak {Will+}
rCorr   +          Rampage  .   Q - +0 pair of gloves {infuse}
Will    ++++.                   (no boots)
Stlth   ++++......              P - amulet of regeneration
HPRegen 1.77/turn               n - ring of magical power
MPRegen 0.20/turn               t - +6 ring of dexterity

@: confusing by touch, hasted, very quick
A: fangs 3, regeneration 1, magic shield, antimagic bite, no potion heal 2
a: Renounce Religion, Stomp, Line Pass


You were on level 8 of the Dungeon.
You worshipped Uskayaw.
Uskayaw was noncommittal.
You visited 2 branches of the dungeon, and saw 9 of its levels.
You also visited: Sewer.

You collected 429 gold pieces.
You spent 156 gold pieces at shops.

Inventory:

Hand Weapons
 a - a +1 dagger
 b - the +8 flail of the Howling One (weapon) {protect, Will+ rCorr}
   (You found it on level 5 of the Dungeon)

   It grants its wielder temporary protection when it strikes (+7 to AC).
   rCorr:     It protects you from acid and corrosion.
   Will:      It increases your willpower.
 J - a +0 short sword of venom
 T - a +5 great sword
Missiles
 p - 13 boomerangs (quivered)
 r - 45 poisoned darts
 v - 95 stones
 y - a boomerang of dispersal
 L - 7 atropa-tipped darts
 N - 2 javelins
Armour
 O - a +2 ring mail of willpower (worn)
 Q - a +0 pair of gloves of infusion (worn)
 S - a +1 cloak of willpower (worn)
Magical Staves
 k - a staff of death
Jewellery
 i - an amulet of the acrobat
 n - a ring of magical power (left hand)
 t - a +6 ring of dexterity (right hand)
 P - an amulet of regeneration (around neck)
Wands
 g - a wand of flame (21)
 z - a wand of charming (15)
 D - a wand of polymorph (14)
 H - a wand of mindburst (31)
Scrolls
 f - 2 scrolls of immolation {unknown}
 l - a scroll of magic mapping {unknown}
 m - 3 scrolls of noise {unknown}
 q - 4 scrolls of teleportation
 x - 2 scrolls of enchant armour {unknown}
 A - a scroll of amnesia {unknown}
 B - a scroll of silence {unknown}
 E - a scroll of fear {unknown}
 G - a scroll of acquirement {unknown}
 I - 2 scrolls of vulnerability {unknown}
 K - a scroll of blinking {unknown}
Potions
 c - 2 potions of invisibility
 d - 2 potions of cancellation
 h - 4 potions of curing
 j - 3 potions of attraction
 o - a potion of ambrosia {unknown}
 s - 4 potions of flight
 u - 4 potions of might
 w - 2 potions of haste
 C - a potion of magic
 F - 2 potions of resistance
 M - 2 potions of mutation
 R - a potion of brilliance


   Skills:
 + Level 6.0 Fighting
 - Level 6.0 Short Blades
 + Level 0.4(3.7) Long Blades
 - Level 1.5 Dodging
 - Level 8.1 Stealth
 + Level 5.2 Spellcasting
 + Level 7.3 Hexes
 + Level 5.3 Invocations


You had 11 spell levels left.
You knew the following spells:

 Your Spells              Type           Power      Damage    Failure   Level
b - Ensorcelled Hibernat  Hex/Ice        36%        N/A       10%         2
c - Confusing Touch       Hex            32%        N/A       4%          3
d - Tukima's Dance        Hex            32%        N/A       4%          3

Your spell library contained the following spells:

 Spells                   Type           Power      Damage    Failure   Level
 Dazzling Flash           Conj/Hex       36%        N/A       21%         3
 Poisonous Vapours        Pois/Air       8%         N/A       41%         2
 Ignite Poison            Fire/Tmut/Pois 4%         N/A       65%         3
 Mephitic Cloud           Conj/Pois/Air  4%         N/A       65%         3
 Corpse Rot               Necr/Pois/Air  4%         N/A       96%         4
 Freezing Cloud           Conj/Ice/Air   2%         6-21      100%        5


Dungeon Overview and Level Annotations

Branches:
Dungeon (8/15)             Temple (1/1) D:4           Sewer (visited)
   Lair: D:8-11

Altars:
Ashenzari
Cheibriados
Dithmenos
Elyvilon
Fedhas
Gozag
Hepliaklqana
Makhleb
Nemelex Xobeh
Qazlal
Ru
Sif Muna
Trog
Uskayaw
Vehumet
Wu Jian
Xom
Yredelemnul
Zin
The Shining One

Shops:
D:5 :   D:6 (*![

Annotations:
D:8 Gastronok


Innate Abilities, Weirdness & Mutations

You have razor-sharp teeth.
Your natural rate of healing is unusually fast.
When hurt, damage is shared between your health and your magic reserves.
Your bite disrupts and absorbs the magic of your enemies.
Potions cannot restore your health.


Message History

The quokka bites you but does no damage.
You can now pass through a line of other dancers.
You stomp with the beat, sending a shockwave through the revellers around you!
The river rat is heavily wounded.
You kill the quokka!
The quokka's corpse disappears in a puff of smoke!
The river rat is almost dead.
Gastronok is heavily wounded.
You can no longer pass through a line of other dancers.
The river rat bites you!
* * * LOW HITPOINT WARNING * * *
The river rat bites you but does no damage.
Unknown command.
Casting: Ensorcelled Hibernation (safe; 10% risk of failure)
Confirm with . or Enter, or press ? or * to list all spells.
Your hands begin to glow red.
Gastronok barely misses you.
You hit Gastronok but do no damage.
Gastronok is heavily wounded.
The river rat bites you but does no damage. x2
You hit Gastronok but do no damage. You bite Gastronok.
Gastronok's magic leaks into the air.
You drain his magic.
You feel invigorated.
Gastronok is heavily wounded.
The river rat closely misses you. The river rat bites you.
* * * LOW HITPOINT WARNING * * *
Gastronok falters for a moment.
You can now pass through a line of other dancers.
You hit Gastronok but do no damage. You bite Gastronok.
Gastronok's magic leaks into the air.
You drain his magic.
You feel invigorated.
Gastronok is heavily wounded.
The river rat completely misses you.
The river rat bites you but does no damage.
You hit Gastronok but do no damage.
Gastronok is heavily wounded.
Gastronok's magic is no longer disrupted.
The river rat barely misses you. The river rat bites you.
* * * LOW HITPOINT WARNING * * *
Gastronok bites you!!
You die...

######### #.......#
#............## ....###
#.≈≈≈≈/≈≈≈≈...# ......#####
#.≈... ...≈...# ###
........#..####.≈.#.###.≈....
..##............##..≈.#...#.≈....
...#..# #.......##..≈.#._.#.≈....
.....####.......@r..≈.#...#.≈....
............##..rw..≈.###.#.≈....
....................≈.......≈....
....###.))...#......≈≈≈≈≈≈≈≈≈....
.....##.))##[.....)..............
.....##)..###.....)))............
.......)#..####..................
........#...##...................
.......##....#............###.#..


You could see Gastronok and 2 river rats.

Vanquished Creatures
  Pikel (D:6)
  Maurice (D:8)
  Prince Ribbit (D:8)
  Grinder (D:5)
  Menkaure (D:5)
  A water moccasin (D:7)
  Duvessa (D:6)
  A sky beast (D:7)
  An ice beast (D:5)
  3 black bears
  3 orc warriors (D:8)
  An ogre (D:3)
  A phantom (D:5)
  Blork the orc (D:5)
  5 kobold brigands
  2 bullfrogs
  A gnoll sergeant (D:7)
  4 scorpions
  4 wights (D:8)
  Dowan (D:6)
  4 howler monkeys
  2 jellies (D:6)
  2 hounds (D:5)
  4 orc priests
  5 orc wizards
  5 gnolls
  11 adders
  An ufetubus (D:4)
  3 worms
  4 dart slugs
  21 orcs
  7 ball pythons
  12 endoplasms
  9 giant cockroaches
  2 goblins (D:1)
  10 hobgoblins
  2 jackals (D:3)
  6 quokkas
  7 bats
  3 frilled lizards
  28 kobolds
  5 rats
188 creatures vanquished.

Vanquished Creatures (others)
  A wizard (D:5)
1 creature vanquished.

Grand Total: 189 creatures vanquished

Notes
Turn   | Place    | Note
-------+----------+-------------------------------------------
     0 | D:1      | ThatPearl the Vine Stalker Enchanter began the quest for
                  | the Orb.
     0 | D:1      | Reached XP level 1. HP: 9/9 MP: 4/4
   108 | D:1      | Reached skill level 1 in Short Blades
   140 | D:1      | Reached XP level 2. HP: 14/14 MP: 6/6
   322 | D:1      | Reached skill level 4 in Stealth
   357 | D:1      | Learned a level 2 spell: Ensorcelled Hibernation
   400 | D:1      | Reached skill level 1 in Fighting
   403 | D:1      | Found a faded altar of an unknown god.
   587 | D:1      | Reached XP level 3. HP: 3/18 MP: 1/7
  1447 | D:2      | Gained mutation: Your natural rate of healing is unusually
                  | fast. [Vine Stalker growth]
  1447 | D:2      | Reached XP level 4. HP: 18/22 MP: 6/8
  2002 | D:3      | Noticed an ogre
  2029 | D:3      | Killed an ogre
  2030 | D:3      | Reached skill level 5 in Stealth
  2030 | D:3      | Reached XP level 5. HP: 26/26 MP: 9/9
  2429 | D:3      | Reached XP level 6. HP: 28/32 MP: 10/10
  2964 | D:4      | Learned a level 3 spell: Tukima's Dance
  2968 | D:4      | Learned a level 3 spell: Confusing Touch
  3147 | D:4      | Found a staircase to the Ecumenical Temple.
  3172 | Temple   | Entered the Ecumenical Temple
  3299 | Temple   | Became a worshipper of Uskayaw the Reveller
  3422 | D:4      | Reached * piety under Uskayaw
  3427 | D:4      | Reached ** piety under Uskayaw
  3897 | D:5      | Entered Level 5 of the Dungeon
  3939 | D:5      | Noticed an ice beast
  3953 | D:5      | Reached *** piety under Uskayaw
  3955 | D:5      | Killed an ice beast
  3956 | D:5      | Reached skill level 6 in Stealth
  3956 | D:5      | Reached XP level 7. HP: 31/36 MP: 11/11
  4011 | D:5      | Found Urisheuto's Tremendous Tomes.
  4012 | D:5      | Noticed Blork the orc
  4033 | D:5      | Killed Blork the orc
  4055 | D:5      | Found a basalt altar of Yredelemnul.
  4058 | D:5      | Reached skill level 1 in Invocations
  4066 | D:5      | HP: 1/36 [bullfrog (3)]
  4068 | D:5      | Reached skill level 5 in Hexes
  4068 | D:5      | Gained mutation: You have razor-sharp teeth. [Vine Stalker
                  | growth]
  4068 | D:5      | Reached XP level 8. HP: 2/42 MP: 0/12
  4189 | D:5      | Found a glowing drain.
  4194 | Sewer    | Entered a sewer
  4350 | Sewer    | Reached skill level 7 in Stealth
  4511 | D:5      | Noticed Menkaure
  4523 | D:5      | Killed Menkaure
  4581 | D:5      | Noticed Grinder
  4604 | D:5      | Killed Grinder
  4786 | D:5      | Found a bloodstained altar of Trog.
  4787 | D:5      | Noticed a wizard
  4792 | D:5      | Killed a wizard
  4828 | D:5      | Identified the +8 flail of the Howling One {protect, Will+
                  | rCorr}
  4886 | D:5      | You fall into a shaft and drop 3 floors!
  4895 | D:8      | Noticed Prince Ribbit
  4904 | D:8      | Killed Prince Ribbit
  4910 | D:8      | Reached **** piety under Uskayaw
  4913 | D:8      | Reached XP level 9. HP: 18/46 MP: 4/14
  4920 | D:8      | Reached ***** piety under Uskayaw
  5035 | D:7      | Reached skill level 8 in Stealth
  5058 | D:6      | Found Iboilock's Distillery.
  5070 | D:6      | Bought a potion of haste for 120 gold pieces
  5080 | D:6      | Reached skill level 5 in Short Blades
  5134 | D:6      | Found Yciym's Armour Emporium.
  5179 | D:6      | Found Wafidic's General Store.
  5194 | D:6      | Bought a scroll of teleportation for 36 gold pieces
  5303 | D:6      | Noticed Duvessa
  5303 | D:6      | Noticed Dowan
  5304 | D:6      | Noticed Pikel
  5427 | D:6      | Killed Pikel
  5428 | D:6      | Reached skill level 5 in Fighting
  5663 | D:6      | Found Eneqoum's Antique Weapon Emporium.
  5794 | D:6      | Killed Duvessa
  5798 | D:6      | Killed Dowan
  6587 | D:7      | Reached XP level 10. HP: 52/52 MP: 17/17
  6955 | D:7      | Found an ornate altar of the Wu Jian Council.
  7207 | D:8      | Noticed Maurice
  7226 | D:8      | Reached skill level 5 in Invocations
  7252 | D:8      | Killed Maurice
  7253 | D:8      | Reached skill level 5 in Spellcasting
  7437 | D:8      | Noticed Gastronok
  7442 | D:8      | Found a white marble altar of Elyvilon.
  7590 | D:8      | Mangled by Gastronok

Illustrated notes

Levels and vault maps discovered:
D:1:      dpeg_chamrin_arrival_tetris, layout_rooms,
          ebering_ecumenical_altar_box, st_stairs_2
D:2:      layout_rooms, minmay_splitting_lines, columned_hall_lemuel
D:3:      layout_loops_ring, kennysheep_generic_room_16
D:4:      layout_basic, minmay_temple_entry_stoned_glass
D:5:      layout_loops_ring, trog_wizard, tgw_kikubaaqudgha,
          mainiacjoe_overflow_small_starburst, gup_sewer_entry_spiral,
          nicolae_shop_i_like_big_books, uniq_blork_the_orc, uniq_grinder,
          uniq_menkaure
D:6:      layout_loops_cross, serial_shops, shop,
          nicolae_shop_competitors_out_of_business, shop,
          nicolae_shop_hallway_plus, nrook_campfire, uniq_duvessa, uniq_pikel
D:7:      layout_basic, nzn_wu_jian_contemplation
D:8:      layout_cave_pools, mainiacjoe_overflow_brackets, uniq_prince_ribbit1,
          uniq_maurice, uniq_gastronok
Temple:   nicolae_temple_bog_church

Skill      XL: |  1  2  3  4  5  6  7  8  9 10 |
---------------+-------------------------------+-----
Short Blades   | 1 2 3 4 5 6 |  6.0
Stealth        | 4 5 6 7 8 |  8.1
Fighting       | 1 2 3 4 5 6 |  6.0
Hexes          | 4 5 6 7 |  7.3
Invocations    | 1 3 4 5 |  5.3
Spellcasting   | 3 4 5 |  5.2
Long Blades    | |  0.4
Dodging        | |  1.5

Action                   |  1- 3 |  4- 6 |  7- 9 | 10-12 || total
-------------------------+-------+-------+-------+-------++-------
Melee: Dagger            |    31 |       |     6 |       ||    37
       Bite              |    20 |    34 |    57 |    23 ||   134
       Short sword       |    44 |   139 |    95 |       ||   278
       Punch             |     1 |     1 |     2 |       ||     4
       Flail             |       |       |    94 |    65 ||   159
Throw: Boomerang         |       |     3 |     7 |     7 ||    17
 Cast: Ensorcelled Hiber |     3 |       |       |     2 ||     5
       Confusing Touch   |       |       |     1 |     1 ||     2
Invok: Stomp             |       |       |    11 |     5 ||    16
       Line Pass         |       |       |     3 |     2 ||     5
  Use: Potion            |       |       |     1 |     1 ||     2
       Scroll            |       |       |     7 |     2 ||     9
 Stab: Sleeping          |    11 |    10 |    14 |       ||    35
       Distracted        |     1 |       |       |       ||     1
       Paralysed         |       |       |     8 |     1 ||     9
       Confused          |       |       |     1 |     2 ||     3
Armor: Robe              |    16 |    12 |    31 |       ||    59
       Ring mail         |       |       |    71 |    49 ||   120
Dodge: Dodged            |    51 |    71 |   168 |    46 ||   336
